 Dungeon Crawl Stone Soup version 0.23-a0-607-g760965b (webtiles) character file.

263 MisterFreud the Shooter (level 6, -1/44 HPs)
             Began as a Human Wanderer on Dec 20, 2018.
             Was a Follower of Yredelemnul.
             Slain by Sigmund
             ... wielding a +0 scythe
              (8 damage)
             ... on level 5 of the Dungeon.
             The game lasted 00:14:23 (4541 turns).

MisterFreud the Shooter (Human Wanderer)            Turns: 4541, Time: 00:14:24

Health: -1/44      AC:  9    Str: 13    XL:     6   Next: 43%
Magic:  9/9        EV: 10    Int: 16    God:    Yredelemnul [*.....]
Gold:   232        SH:  0    Dex: 10    Spells: 9/9 levels left

rFire    . . .     SeeInvis .   a - +4 whip
rCold    . . .     Gourm    .   (no shield)
rNeg     . . .     Faith    .   e - +1 ring mail
rPois    .         Spirit   .   (no helmet)
rElec    .         Reflect  .   D - scarf {repulsion}
rCorr    .         Harm     .   (no gloves)
MR       .....                  (no boots)
Stlth    +.........             (no amulet)
HPRegen  0.14/turn              g - +3 ring of protection
MPRegen  0.11/turn              (no ring)

@: very slightly contaminated, repel missiles
A: no striking features
a: Animate Remains, Renounce Religion


You were on level 5 of the Dungeon.
You worshipped Yredelemnul.
Yredelemnul was aware of your devotion.
You were not hungry.

You visited 1 branch of the dungeon, and saw 5 of its levels.

You collected 232 gold pieces.

Inventory:

Hand Weapons
 a - a +4 whip (weapon)
 b - a +1 shortbow
 h - a +0 hunting sling
 k - a +1 dagger of speed
 C - a +2 dagger
Missiles
 d - 61 arrows
 j - 41 poisoned needles
 l - 97 stones (quivered)
 q - 16 sling bullets
 s - 2 throwing nets
 v - 19 bolts
 x - 8 curare-tipped needles
Armour
 e - a +1 ring mail (worn)
 n - a +0 buckler
 p - a +0 leather armour
 D - a scarf of repulsion (worn)
Jewellery
 g - a +3 ring of protection (left hand)
Scrolls
 w - a scroll of amnesia
 y - 2 scrolls of magic mapping
Potions
 i - 2 potions of haste
 m - a potion of agility
 o - a potion of magic
 t - a potion of curing
 z - a potion of resistance {unknown}
 A - a potion of flight {unknown}
Comestibles
 f - 8 rations


   Skills:
 - Level 2.0 Fighting
 + Level 1.5 Maces & Flails
 - Level 6.0 Bows
 - Level 1.0 Throwing
 - Level 1.0 Armour
 - Level 1.0 Stealth
 - Level 2.0 Spellcasting
   Level 1.0 Necromancy


You had 9 spell levels left.
You didn't know any spells.
Your spell library was empty.

Dungeon Overview and Level Annotations

Branches:
Dungeon (5/15)
 Temple: D:4-7

Altars:
Kikubaaqudgha
Trog
Yredelemnul
The Shining One

Annotations:
D:5 Sigmund


Message History

The giant cockroach bites you.
* * * LOW HITPOINT WARNING * * *
The orc hits you but does no damage. The orc blocks your attack.
The orc is severely wounded.
The giant cockroach bites you but does no damage.
Something hits you but does no damage. The orc hits you but does no damage.
You hit the orc.
You kill the orc!
Yredelemnul accepts your kill. The giant cockroach barely misses you.
You closely miss the orc. Something hits you.
* * * LOW HITPOINT WARNING * * *
The giant cockroach bites you but does no damage.
The orc hits you with a +3 hand axe.
* * * LOW HITPOINT WARNING * * *
You closely miss the orc. The giant cockroach closely misses you.
Something hits you!
You die...
Your body rises from the dead as a mindless zombie.

#......#
#.####.#
#.#..#.#
#.#..#.#
#.#.<#.#
#{#{##.#
#.#.##.#
#.#.##{#######.#
#...##.s@oo.(..#
################


You could see 2 orcs and a giant cockroach.

Vanquished Creatures
  A howler monkey (D:4)
  An orc priest (D:3)
  An orc wizard (D:5)
  2 adders
  5 gnolls
  An ooze (D:2)
  An adder skeleton (D:4)
  4 worms
  A dart slug (D:3)
  2 leopard geckos
  5 orcs
  2 ball pythons
  3 bats
  7 giant cockroaches
  4 hobgoblins
  9 jackals
  9 kobolds
  2 quokkas (D:2)
  A frilled lizard (D:3)
  6 goblins
  6 rats
73 creatures vanquished.

Notes
Turn   | Place    | Note
-------+----------+-------------------------------------------
     0 | D:1      | MisterFreud the Human Wanderer began the quest for the Orb.
     0 | D:1      | MisterFreud set off with the following items: a +2 dagger,
                  | a scroll of blinking, a +0 shortbow, 30 arrows, a +0 ring
                  | mail, a ration
     0 | D:1      | Reached XP level 1. HP: 16/16 MP: 3/3
   549 | D:1      | Reached XP level 2. HP: 17/22 MP: 5/5
  1139 | D:2      | Found a glowing golden altar of the Shining One.
  1225 | D:2      | Reached skill level 3 in Bows
  1273 | D:2      | Reached XP level 3. HP: 17/27 MP: 6/6
  1276 | D:2      | Found a basalt altar of Yredelemnul.
  1290 | D:2      | Became a worshipper of Yredelemnul the Dark
  1648 | D:2      | Found an ancient bone altar of Kikubaaqudgha.
  1895 | D:2      | Reached skill level 4 in Bows
  1895 | D:2      | Reached XP level 4. HP: 20/33 MP: 7/7
  1902 | D:2      | Found a faded altar of an unknown god.
  2912 | D:3      | Reached * piety under Yredelemnul
  2912 | D:3      | Reached XP level 5. HP: 36/38 MP: 8/8
  3140 | D:3      | Reached skill level 5 in Bows
  3512 | D:3      | Found a bloodstained altar of Trog.
  3657 | D:3      | Reached XP level 6. HP: 35/44 MP: 9/9
  3915 | D:4      | Reached skill level 6 in Bows
  4465 | D:5      | Entered Level 5 of the Dungeon
  4465 | D:5      | Noticed Sigmund
  4512 | D:5      | HP: 2/44 [something/puff of flame (10)]
  4532 | D:5      | HP: 2/44 [giant cockroach (2)]
  4536 | D:5      | Reached skill level 1 in Maces & Flails
  4541 | D:5      | Slain by Sigmund

Vault maps used:
D:1:      lemuel_arrival_tunnels
D:2:      tso_metal_star, lemuel_doored_altar, overflow_temple_1_default,
          gammafunk_temple_overflow_elements, chequers_ecumenical_altar_simple
D:3:      bloody_trog
D:4:      first_ration
D:5:      amethyst_killhole, uniq_duvessa, uniq_sigmund

Skill      XL: |  1  2  3  4  5  6 |
---------------+-------------------+-----
Bows           | 3 4 5 6 |  6.0
Maces & Flails | 1 |  1.5
Fighting       | |  2.0
Throwing       | |  1.0
Armour         | |  1.0
Stealth        | |  1.0
Spellcasting   | |  2.0
Necromancy     | |  1.0

Action                   |  1- 3 |  4- 6 || total
-------------------------+-------+-------++-------
Melee: Hand axe          |   172 |     4 ||   176
       Dagger            |       |    93 ||    93
       Whip              |       |    73 ||    73
 Fire: Shortbow          |       |    57 ||    57
Invok: Animate Remains   |       |     1 ||     1
  Use: Scroll            |     5 |     9 ||    14
       Potion            |       |     3 ||     3
  Eat: Chunk             |     3 |     7 ||    10
       Ration            |       |     1 ||     1
Armor: Ring mail         |   114 |    64 ||   178
       Skin              |       |    12 ||    12
Dodge: Dodged            |   112 |    63 ||   175
       Deflected         |       |     1 ||     1

Table legend:
 A = Non-vault XP
 B = Vault XP
 C = Vault XP percentage of total XP
 D = Non-vault monster count
 E = Vault monster count
 F = Vault count percentage of total count
                 A         B        C        D         E       F
            +---------+---------+-------+---------+---------+-------
      Total |     377 |       0 |   0.0 |      73 |       0 |   0.0
            +---------+---------+-------+---------+---------+-------
        D:1 |      20 |       0 |   0.0 |      11 |       0 |   0.0
        D:2 |      93 |       0 |   0.0 |      26 |       0 |   0.0
        D:3 |     116 |       0 |   0.0 |      25 |       0 |   0.0
        D:4 |     105 |       0 |   0.0 |       9 |       0 |   0.0
        D:5 |      43 |       0 |   0.0 |       2 |       0 |   0.0
            +---------+---------+-------+---------+---------+-------
